Map: Overgrown Facility

Players

OpuS - Winner!

  • Race: Protoss Protoss
  • League: Diamond
  • Spawn Location: 7:00

Sketchaphone - Winner!

  • Race: Zerg Zerg
  • League: Platinum
  • Spawn Location: 9:00

Tempo

  • Race: Terran Terran
  • League: Diamond
  • Spawn Location: 1:00

Synthesis

  • Race: Zerg Zerg
  • Spawn Location: 3:00

VOD

Have the link to the VOD?

Description

Time

  • Played on: March 3, 2019, 8:48 p.m.
  • Length: 15:39
Show
View Real Time Build Order
Export as new Build Order

OpuS Protoss - Winner!

Build Orders:  

Get SALT Encoding   

  12  0:01  Probe  
  13  0:13  Probe  
  14  0:19  Pylon  
  14  0:25  Probe  
  15  0:39  Gateway  
  15  0:41  Probe  
  16  0:54  Probe  
  17  0:57  Assimilator  
  17  0:59  Assimilator  
  17  1:07  Probe  
  17  1:11  Gateway  
  18  1:19  Probe  
  19  1:27  Cybernetics Core  
  19  1:32  Pylon  
  19  1:43  Probe  
  20  1:54  Adept  
  20  1:55  Probe, Forge  
  21  2:07  Adept  
  25  2:09  Probe  
  26  2:17  Probe  
  26  2:20  Pylon  
  26  2:22  Protoss Ground Weapons Level 1  
  26  2:35  Warp Gate  
  26  2:42  Twilight Council  
  26  2:50  Adept  
  28  2:52  Adept  
  30  3:17  Charge  
  30  3:33  Nexus  
  30  3:35  Pylon  
  30  3:42  Robotics Facility  
  30  3:53  Probe  
  31  4:00  Gateway  
  31  4:15  Probe  
  32  4:27  Probe  
  33  4:39  Probe  
  33  4:42  Zealot x2  
  42  4:45  Immortal  
  42  4:49  Gateway  
  40  5:15  Probe  
  40  5:19  Probe  
  42  5:28  Probe  
  43  5:34  Immortal  
  41  5:36  Zealot x3  
  47  5:43  Dark Shrine  
  47  5:46  Probe x2  
  49  5:54  Pylon  
  49  6:00  Probe x2  
  51  6:07  Stalker  
  51  6:08  Stalker  
  55  6:13  Probe x2  
  57  6:22  Templar Archives  
  58  6:25  Probe x2  
  59  6:36  Stalker  
  59  6:37  Stalker, Probe  
  59  6:38  Probe  
  65  6:51  Blink  
  53  7:08  Stalker  
  53  7:09  Stalker x2  
  53  7:10  Stalker  
  61  7:22  Probe x2  
  59  7:26  Stargate  
  59  7:27  Assimilator  
  59  7:32  Zealot x3, Assimilator  
  59  7:33  Zealot  
  63  7:37  Pylon  
  63  7:38  Protoss Ground Weapons Level 2  
  63  7:48  Probe x2  
  63  8:11  Nexus  
  59  8:22  Probe x2  
  49  8:31  Void Ray  
  49  8:34  Probe x2  
  50  8:38  Stalker x2  
  50  8:39  Stalker x2  
  59  8:46  Probe  
  59  8:47  Pylon  
  60  8:51  Pylon  
  60  9:01  Stargate  
  60  9:12  Dark Templar x2  
  60  9:14  Stalker  
  60  9:16  Stalker  
  68  9:18  Archon  
  68  9:20  Void Ray  
  68  9:23  Probe x3  
  75  9:42  Probe x3  
  75  9:44  Stalker  
  75  9:45  Stalker  
  82  9:50  Assimilator  
  82  9:53  Assimilator  
  82  9:55  Void Ray  
  82  9:59  Probe x2  
  88  10:00  Probe  
  89  10:08  Gateway  
  89  10:10  Gateway  
  89  10:13  Probe x3  
  92  10:21  Dark Templar x2  
  96  10:25  Archon  
  96  10:26  Probe x3  
  99  10:31  Void Ray  
  103  10:36  Pylon  
  103  10:38  Pylon  
  103  10:41  Pylon  
  103  10:48  Gateway  
  103  10:50  Gateway  
  103  10:56  High Templar x2  
  107  10:58  Dark Templar  
  107  10:59  Dark Templar  
  107  11:01  Archon  
  107  11:02  Archon  
  107  11:03  Stalker  
  113  11:10  Pylon  
  113  11:14  Pylon  
  113  11:15  Pylon  
  113  11:16  Dark Templar  
  115  11:22  Void Ray  
  119  11:30  Void Ray  
  117  12:04  Zealot x5  
  117  12:05  Zealot x2, Void Ray  
  117  12:06  Zealot  
  121  12:13  Void Ray  
  115  12:23  Protoss Air Weapons Level 1  
  115  12:24  Protoss Ground Weapons Level 3  
  115  12:48  Void Ray  
  107  12:53  Dark Templar  
  107  12:54  Dark Templar  
  107  12:56  Void Ray  
  107  12:57  Dark Templar  
  113  12:59  Nexus  
  113  13:01  Archon  
  113  13:02  Assimilator  
  113  13:05  Assimilator  
  113  13:10  Pylon  
  113  13:17  Shadow Stride  
  91  13:31  Zealot x6, Void Ray  
  91  13:32  Zealot x2  
  111  13:39  Void Ray  
  115  13:52  High Templar x2  
  115  13:53  High Templar  
  115  13:54  Zealot  
  115  13:55  Zealot x4  
  131  14:04  Gateway x2  
  131  14:10  Gateway  
  131  14:13  Gateway, Void Ray  
  135  14:17  Psionic Storm  
  135  14:23  Void Ray  
  131  14:25  Archon  
  131  14:30  Zealot x3  
  131  14:31  Zealot x3  
  137  14:32  Zealot x2  
  145  14:50  Probe x4  
  149  14:53  High Templar x2  
  149  14:54  High Templar  
  149  14:56  Void Ray  
  159  15:00  High Templar  
  159  15:01  Zealot x2  
  159  15:02  Zealot  
  159  15:03  Zealot  
  159  15:04  Zealot  
  171  15:10  High Templar  
Show
View Real Time Build Order
Export as new Build Order

Sketchaphone Zerg - Winner!

Build Orders: Hatch First, Lurkers 

Get SALT Encoding   

  12  0:02  Drone  
  13  0:12  Overlord  
  13  0:20  Drone  
  14  0:23  Drone, Extractor  
  15  0:31  Drone  
  15  0:34  Drone  
  17  0:56  Hatchery  
  16  1:00  Drone  
  17  1:10  Extractor  
  17  1:11  Drone  
  17  1:21  Spawning Pool  
  17  1:22  Drone  
  17  1:29  Drone  
  17  1:30  Drone  
  19  1:47  Overlord  
  19  1:59  Drone  
  20  2:08  Zergling x2  
  21  2:15  Spine Crawler  
  20  2:16  Queen  
  20  2:17  Metabolic Boost  
  20  2:18  Zergling x2  
  20  2:22  Drone  
  24  2:27  Drone  
  25  2:30  Overlord  
  25  2:35  Zergling x2  
  26  2:39  Zergling x2  
  27  2:47  Zergling x2  
  27  2:50  Queen  
  30  3:07  Zergling x2  
  30  3:12  Overlord  
  31  3:14  Evolution Chamber  
  30  3:33  Drone x3  
  33  3:34  Roach Warren, Drone  
  33  3:37  Drone x3  
  36  3:46  Zerg Ground Armor Level 1  
  36  3:56  Lair  
  36  4:24  Roach  
  36  4:25  Roach x3  
  36  4:26  Overlord  
  40  4:42  Overlord, Hatchery  
  39  4:56  Drone x2  
  39  4:57  Drone x2  
  43  5:07  Overlord  
  43  5:11  Glial Reconstitution  
  44  5:14  Drone x4  
  44  5:15  Drone x3  
  44  5:16  Drone  
  44  5:20  Extractor  
  44  5:21  Drone  
  51  5:33  Roach x3  
  57  5:45  Overlord  
  61  5:50  Roach x3  
  61  5:54  Drone  
  61  5:55  Drone  
  61  5:57  Queen  
  65  6:03  Overlord  
  67  6:05  Drone  
  67  6:06  Drone x3  
  67  6:09  Extractor  
  67  6:11  Roach x2, Extractor  
  74  6:12  Roach  
  75  6:20  Zergling x6  
  78  6:26  Zerg Missile Weapons Level 1  
  78  6:29  Overlord  
  78  6:35  Drone x5  
  83  6:52  Roach  
  83  6:53  Roach x3  
  85  7:20  Nydus Network  
  84  7:23  Pneumatized Carapace, Burrow  
  84  7:24  Hydralisk Den  
  83  7:36  Spine Crawler  
  82  7:46  Spore Crawler  
  77  7:54  Grooved Spines, Spire  
  77  7:56  Roach  
  77  7:57  Roach x3  
  77  7:58  Evolution Chamber  
  83  8:07  Drone x3  
  83  8:08  Drone  
  87  8:18  Roach  
  87  8:19  Roach x4  
  97  8:23  Overlord x3  
  95  8:31  Infestation Pit  
  95  8:32  Nydus Canal  
  94  8:34  Queen  
  94  8:37  Roach  
  94  8:39  Zerg Melee Weapons Level 1  
  96  8:43  Roach, Hydralisk  
  96  8:45  Zergling x16  
  106  8:58  Zerg Missile Weapons Level 2  
  106  9:01  Hydralisk  
  108  9:12  Muscular Augments  
  108  9:18  Drone x11  
  108  9:19  Extractor  
  118  9:24  Extractor  
  117  9:32  Nydus Canal  
  117  9:42  Drone x5  
  107  10:07  Zergling x2  
  107  10:08  Zergling x26  
  121  10:19  Lurker Den  
  120  10:22  Overseer  
  120  10:28  Nydus Canal  
  120  10:31  Overlord x2  
  120  10:32  Overlord  
  120  10:38  Zerg Melee Weapons Level 2  
  120  10:39  Overlord x2  
  106  11:04  Nydus Canal  
  106  11:06  Hydralisk x3  
  106  11:08  Infestor x2  
  106  11:09  Infestor x2  
  120  11:12  Hive  
  120  11:22  Hatchery, Nydus Canal  
  120  11:25  Hydralisk x2  
  119  11:26  Hydralisk x4  
  119  11:30  Hydralisk  
  119  11:31  Hydralisk  
  130  11:56  Hydralisk  
  130  11:57  Hydralisk x7  
  144  12:06  Nydus Canal  
  144  12:11  Hydralisk x3  
  150  12:16  Overlord x2  
  103  13:05  Zergling x8  
  103  13:06  Zergling x22  
  108  13:36  Lurker x3  
  108  13:37  Lurker  
  112  13:44  Nydus Canal  
  106  13:56  Overlord  
  106  14:06  Overlord  
  106  14:10  Nydus Canal  
  104  14:18  Roach x14  
  132  14:29  Nydus Canal  
  132  14:32  Overlord  
  129  14:44  Hydralisk x4  
  129  14:45  Hydralisk x2  
  139  15:00  Lurker x5, Hydralisk  
  139  15:01  Hydralisk x8  
  159  15:07  Roach x14  
Show
View Real Time Build Order
Export as new Build Order

Tempo Terran 

Build Orders:  

Get SALT Encoding   

  12  0:00  SCV  
  13  0:13  SCV  
  14  0:19  Supply Depot  
  14  0:25  SCV  
  15  0:41  SCV  
  16  0:42  Barracks  
  16  0:53  SCV  
  17  1:05  SCV  
  18  1:17  Command Center  
  18  1:29  Orbital Command  
  18  1:33  Supply Depot  
  18  1:36  Marine  
  19  1:42  Refinery  
  19  1:46  Refinery  
  19  1:56  Marine  
  19  1:57  SCV  
  21  2:14  Marine  
  22  2:25  SCV  
  22  2:29  Orbital Command  
  23  2:32  Marine  
  24  2:37  SCV  
  24  2:40  Factory  
  25  2:51  Barracks Tech Lab  
  25  2:53  SCV  
  25  2:54  SCV  
  27  3:05  SCV  
  27  3:06  SCV  
  29  3:24  Starport  
  29  3:25  Starport  
  29  3:26  Factory Tech Lab  
  29  3:30  Command Center  
  29  3:36  Marauder  
  29  3:38  SCV x2  
  33  3:51  Siege Tank  
  36  3:56  Refinery x2, SCV x2  
  38  4:05  Supply Depot  
  38  4:08  Supply Depot  
  38  4:09  Medivac  
  40  4:42  SCV x2  
  42  4:49  Fusion Core  
  42  4:52  Orbital Command  
  42  4:54  SCV x2  
  42  4:56  Viking  
  42  4:58  Viking  
  48  5:03  Barracks Reactor  
  48  5:06  SCV  
  48  5:07  SCV  
  50  5:19  SCV x2  
  52  5:39  Battlecruiser  
  58  5:57  Barracks  
  58  6:05  Orbital Command  
  58  6:08  SCV x2  
  60  6:16  Battlecruiser  
  60  6:17  Marine  
  60  6:18  Marine  
  68  6:20  SCV x2, Factory Reactor  
  70  6:30  Engineering Bay  
  70  6:31  Armory  
  70  6:32  SCV x2  
  63  7:16  Marine x2  
  63  7:18  Hellion x2  
  69  7:23  Battlecruiser  
  75  7:38  Barracks Reactor  
  75  7:51  Barracks, SCV x2  
  75  7:52  Barracks x2  
  77  8:09  Marine x2, SCV x2  
  77  8:10  Hellion x2  
  77  8:11  Orbital Command, Supply Depot  
  77  8:12  Supply Depot  
  85  8:13  Supply Depot  
  83  8:27  Marine  
  83  8:31  Hellion  
  83  8:33  Battlecruiser  
  90  8:53  Marine x3  
  90  8:54  Marine  
  98  8:55  Hellion x2  
  98  8:57  Medivac  
  98  9:02  Barracks Reactor, Barracks Tech Lab x2  
  100  9:09  SCV x3  
  103  9:11  Marine x3  
  108  9:17  Hellion  
  108  9:18  Terran Infantry Weapons Level 1  
  108  9:20  Terran Ship Weapons Level 1  
  108  9:21  SCV  
  108  9:23  Supply Depot  
  108  9:24  Supply Depot x2  
  109  9:29  Hellion, Battlecruiser  
  117  9:37  Battlecruiser  
  117  9:38  Hellion  
  125  9:42  Orbital Command  
  124  9:59  Marine x4  
  113  10:00  Marine x4  
  119  10:14  Missile Turret  
  119  10:17  Marine x5  
  119  10:18  Marine x3  
  127  10:33  Battlecruiser, Supply Depot  
  127  10:35  Marine x5  
  136  10:36  Marauder x2, Supply Depot  
  136  10:40  Marine  
  136  10:42  Hellion x2  
  147  10:52  Marine  
  147  10:53  Marine  
  147  10:54  Marine x2  
  151  10:58  Marauder  
  151  11:00  Marine x2  
  151  11:01  Marine  
  151  11:03  Hellion  
  151  11:04  Hellion  
  160  11:10  Marine x2  
  168  11:11  Battlecruiser  
  168  11:12  Marine x2  
  168  11:13  Supply Depot  
  168  11:15  Supply Depot  
  168  11:16  Supply Depot  
  170  11:18  Marine x3  
  173  11:35  Hellion x2, Marine x4  
  173  11:36  Marine x4, Orbital Command  
  173  11:38  Battlecruiser  
  178  11:52  Marine  
  178  11:54  Marine  
  156  12:47  Marine x4  
  156  12:48  Marauder  
  156  12:50  Stimpack, Combat Shield  
  158  13:00  Battlecruiser x2  
  158  13:03  Marine x3  
  158  13:04  Marine  
  158  13:05  Marine x3  
  175  13:09  Marine  
  162  13:58  Marine x6  
  162  13:59  Marine x2  
  162  14:01  Hellion x2  
  174  14:04  Battlecruiser x2  
  184  14:15  Marine  
  184  14:16  Marine x6  
  186  14:22  Hellion  
  186  14:23  Hellion  
  165  14:38  Marine  
  165  14:39  Marine x7  
  165  14:44  Hellion x2  
  165  14:56  Marine  
  165  14:57  Marine x7  
  171  15:14  Marine x8  
Show
View Real Time Build Order
Export as new Build Order

Synthesis Zerg 

Build Orders: Hatch First 

Get SALT Encoding   

  12  0:02  Drone  
  13  0:09  Drone  
  14  0:22  Extractor  
  14  0:23  Drone  
  14  0:24  Drone, Extractor  
  16  0:49  Hatchery  
  15  0:59  Spawning Pool  
  14  1:11  Overlord  
  14  1:15  Extractor  
  14  1:16  Drone  
  14  1:32  Drone x2  
  16  1:41  Drone  
  16  1:46  Queen, Zergling x2  
  20  1:58  Zergling x2  
  21  2:04  Queen  
  21  2:06  Drone x2  
  25  2:15  Drone  
  25  2:16  Drone  
  27  2:31  Drone  
  27  2:32  Overlord x2  
  27  2:36  Metabolic Boost  
  28  2:52  Drone x3  
  28  2:56  Extractor  
  30  3:04  Baneling Nest  
  29  3:10  Drone  
  29  3:11  Drone x4  
  34  3:25  Zergling x6  
  34  3:26  Zergling x4  
  39  3:38  Drone x2  
  41  3:49  Baneling x3  
  41  4:02  Zergling x6  
  37  4:32  Zergling x2  
  37  4:33  Zergling x12  
  43  4:42  Baneling x3  
  40  4:50  Drone x6  
  40  4:51  Drone  
  41  5:03  Queen  
  40  5:18  Drone x2  
  40  5:19  Drone  
  43  5:29  Overlord x4  
  43  5:52  Drone x4, Hatchery  
  46  6:08  Lair  
  46  6:12  Hatchery  
  46  6:16  Roach Warren  
  46  6:17  Drone x3  
  46  6:18  Drone x5  
  52  6:19  Evolution Chamber x2  
  52  6:24  Extractor  
  49  6:26  Extractor  
  48  6:35  Baneling x4  
  48  6:39  Zergling x12  
  43  7:02  Roach  
  43  7:03  Roach x3  
  50  7:08  Zergling x2  
  46  7:24  Hatchery  
  43  7:39  Zergling x2  
  43  7:40  Zergling x4  
  44  7:54  Zerg Missile Weapons Level 1  
  44  7:55  Zerg Ground Armor Level 1  
  44  8:07  Hydralisk Den  
  43  8:17  Drone x2  
  43  8:18  Drone x2  
  44  8:28  Roach  
  44  8:29  Roach x5  
  53  9:02  Queen  
  55  9:04  Queen  
  55  9:09  Grooved Spines  
  57  9:10  Roach x3, Hydralisk  
  57  9:11  Roach x2  
  69  9:29  Hatchery  
  68  9:38  Drone x6  
  73  9:45  Overlord x5  
  74  10:02  Spire  
  73  10:22  Hydralisk  
  73  10:23  Hydralisk x2  
  73  10:24  Hydralisk x5  
  89  10:37  Muscular Augments  
  89  10:41  Hydralisk  
  85  11:47  Overlord x4  
  85  11:48  Overlord x4  
  25  12:29  Overseer  
  18  13:18  Spine Crawler x2  
  15  13:37  Spore Crawler  
  15  13:38  Spore Crawler  
  13  13:43  Spore Crawler  
  11  13:59  Baneling Nest  
  11  14:01  Spine Crawler  
  11  14:02  Spore Crawler  
  9  14:06  Spore Crawler  
  8  14:19  Spore Crawler  
  6  14:34  Spine Crawler  
Tags
 
Add a new tag
Caveats
  • Supply blocks, unpowered buildings, or Contaminate may cause inaccurate times.
  • Supply counts are checked every 10 seconds.